 Dungeon Crawl Stone Soup version 0.26.0-15-gc6cd9f7 (webtiles) character file.

Game seed: 9630723925333338384

74 brinewave the Slasher (level 4, -4/41 HPs)
             Began as a Minotaur Monk on Jan 24, 2021.
             Slain by a hound (6 damage)
             ... on level 3 of the Dungeon.
             The game lasted 00:05:20 (1534 turns).

brinewave the Slasher (Minotaur Monk)               Turns: 1534, Time: 00:05:21

Health: -4/41      AC:  2    Str: 15    XL:     4   Next: 9%
Magic:  3/3        EV: 13    Int:  7    God:
Gold:   147        SH:  5    Dex: 14    Spells: 3/3 levels left

rFire    + . .     SeeInvis .   a - +0 falchion
rCold    x . .     Faith    .   (no shield)
rNeg     . . .     Spirit   .   b - +0 robe
rPois    .         Reflect  +   (helmet restricted)
rElec    .         Harm     .   (no cloak)
rCorr    .         Rampage  .   (no gloves)
Will     .....                  (no boots)
Stlth    ++........             c - amulet of reflection
HPRegen  0.13/turn              r - ring of fire
MPRegen  0.08/turn              (no ring)

@: no status effects
A: retaliatory headbutt, horns 2
a: no special abilities


You were on level 3 of the Dungeon.
You visited 1 branch of the dungeon, and saw 3 of its levels.

You collected 147 gold pieces.

Inventory:

Hand Weapons
 a - a +0 falchion (weapon)
Missiles
 d - 6 boomerangs (quivered)
 e - 28 bolts
 m - 51 arrows
Armour
 b - a +0 robe (worn)
Jewellery
 c - an amulet of reflection (around neck)
 r - a ring of fire (left hand)
Scrolls
 f - a scroll of remove curse
 j - a scroll of immolation {unknown}
 n - a scroll of noise {unknown}
 o - a scroll of teleportation
 s - a scroll of random uselessness {unknown}
Potions
 h - 3 potions of might
 i - a potion of heal wounds {unknown}
 k - a potion of invisibility
 l - a potion of magic
 p - 2 potions of mutation
 q - a potion of attraction {unknown}
 t - a potion of flight {unknown}


   Skills:
 + Level 4.9 Fighting
 + Level 5.0 Long Blades
 - Level 3.2 Dodging
 - Level 1.5 Stealth


You had 3 spell levels left.
You didn't know any spells.
Your spell library was empty.

Dungeon Overview and Level Annotations

Branches:
Dungeon (3/15)

Altars:


Innate Abilities, Weirdness & Mutations

You reflexively headbutt those who attack you in melee.
You have a pair of horns on your head.


Message History

The hound is heavily wounded.
The hound bites you.
* * * LOW HITPOINT WARNING * * *
The hound bites you.
* * * LOW HITPOINT WARNING * * *
You feel better. The hound bites you but does no damage.
You hit the hound.
The hound is severely wounded.
The hound bites you.
* * * LOW HITPOINT WARNING * * *
The hound bites you.
* * * LOW HITPOINT WARNING * * *
You hit the hound.
The hound is almost dead.
The hound bites you.
* * * LOW HITPOINT WARNING * * *
You hit the hound but do no damage.
The hound is almost dead.
The hound bites you.
You die...

####(..##.##.#########.#
.........#....# #.#
#####.....##### #.#
###..## #.# #..# #.#
#..# #.#
#..##############.#
#..#.............<#
#..#@##############
...#h# ... [.#.. ... .##
...# ## ###. #.


You could see a hound.

Vanquished Creatures
  A gnoll (D:3)
  An adder (D:2)
  An ooze (D:1)
  2 leopard geckos
  2 ball pythons
  4 giant cockroaches
  9 goblins
  4 hobgoblins (D:1)
  3 jackals (D:1)
  A quokka (D:3)
  8 bats
  4 frilled lizards
  A kobold (D:2)
  6 rats
47 creatures vanquished.

Notes
Turn   | Place    | Note
-------+----------+-------------------------------------------
     0 | D:1      | brinewave the Minotaur Monk began the quest for the Orb.
     0 | D:1      | Reached XP level 1. HP: 19/19 MP: 0/0
   121 | D:1      | Reached skill level 4 in Long Blades
   121 | D:1      | Reached XP level 2. HP: 23/27 MP: 1/1
   317 | D:1      | Reached XP level 3. HP: 34/34 MP: 2/2
  1526 | D:3      | Reached skill level 5 in Long Blades
  1526 | D:3      | Reached XP level 4. HP: 14/41 MP: 3/3
  1530 | D:3      | HP: 2/41 [hound (4)]
  1534 | D:3      | Slain by a hound

Illustrated notes

Levels and vault maps discovered:
D:1:      dpeg_arrival_round_c, layout_rooms
D:2:      layout_loops_ring, item_on_display_a
D:3:      layout_loops_ring, makhleb_heckhound_becter,
          nicolae_overflow_hidden_temple

Skill      XL: |  1  2  3 |
---------------+----------+-----
Fighting       | 4 |  4.9
Long Blades    | 4 5 |  5.0
Dodging        | |  3.2
Stealth        | |  1.5

Action                   |  1- 3 |  4- 6 || total
-------------------------+-------+-------++-------
Melee: Falchion          |    95 |     8 ||   103
       Headbutt          |     9 |       ||     9
  Use: Scroll            |    11 |       ||    11
       Potion            |       |     1 ||     1
 Stab: Sleeping          |     4 |       ||     4
Armor: Robe              |    11 |     1 ||    12
Dodge: Dodged            |    66 |     4 ||    70
Block: Other             |    12 |     1 ||    13
       Rpst.: Falchion   |    18 |     2 ||    20
